 Dungeon Crawl Stone Soup version 0.18.1-1-g2f07953 (webtiles) character file.

121 Danakh the Skirmisher (level 4, 0/37 HPs)
             Began as a Demonspawn Chaos Knight on Oct 20, 2016.
             Succumbed to an adder's poison
             ... on level 3 of the Dungeon.
             The game lasted 00:05:41 (1657 turns).

Danakh the Skirmisher (Demonspawn Chaos Knight)     Turns: 1657, Time: 00:05:41

Health: 0/37       AC:  5    Str: 13    XL:     4   Next: 76%
Magic:  4/4        EV: 11    Int: 14    God:    Xom [..*...]
Gold:   92         SH:  0    Dex: 12    Spells: 0 memorised, 3 levels left

rFire  . . .     SeeInvis .     j - +2 hand axe (chop)
rCold  + . .     Gourm    .     b - +2 leather armour
rNeg   . . .     Faith    .     (no shield)
rPois  .         Spirit   .     (no helmet)
rElec  .         Dismiss  .     (no cloak)
rCorr  .         Reflect  .     (no gloves)
SustAt .         Harm     .     (no boots)
MR     .....                    (no amulet)
Stlth  +.........               (no ring)
                                (no ring)

@: lethally poisoned (0 -> -1), not resistant to hostile enchantments, very
unstealthy
A: cold resistance 1, powered by pain 1
a: Renounce Religion


You were on level 3 of the Dungeon.
You worshipped Xom.
You were a toy of Xom.
You were not hungry.

You visited 1 branch of the dungeon, and saw 3 of its levels.

You collected 92 gold pieces.

Inventory:

Hand Weapons
 a - a +0 hand axe of chaos
 j - a +2 hand axe of chopping (weapon)
Armour
 b - a +2 leather armour (worn)
 l - a +0 large shield
Jewellery
 k - an uncursed ring of fire
Scrolls
 e - a scroll of teleportation {unknown}
 f - 2 scrolls of enchant weapon {unknown}
 i - a scroll of recharging {unknown}
Potions
 d - a potion of magic {unknown}
 h - 3 potions of heal wounds {unknown}
 m - a potion of mutation {unknown}
Comestibles
 c - 2 bread rations
 g - a fruit
 n - 2 chunks of flesh


   Skills:
 + Level 3.8 Fighting
 + Level 3.4 Axes
 + Level 2.9 Armour
 - Level 0.8 Dodging
 + Level 1.3 Shields


You had 3 spell levels left.
You didn't know any spells.

Dungeon Overview and Level Annotations

Branches:
Dungeon (3/15)

Altars:


Innate Abilities, Weirdness & Mutations

Your flesh is cold resistant.
You sometimes gain a little power by taking damage.


Message History

You completely miss the adder.
The adder is severely wounded.
You feel sick.
The gnoll shouts! x2
The adder bites you but does no damage. The ball python barely misses you.
The ball python grabs you. The ball python constricts you.
You hit the ball python.
You kill the ball python!
You hit the adder.
You kill the adder!
The gnoll misses you. The gnoll barely misses you.
You closely miss the gnoll. You hit the gnoll.
The gnoll is moderately wounded.
You feel sick. The gnoll hits you with a club.
* * * LOW HITPOINT WARNING * * *
You are too injured to fight recklessly!
You feel sick. The gnoll hits you with a club!
* * * LOW HITPOINT WARNING * * *
You die...
Xom roars with laughter!

.......[$.# ##...
..........# #...
..........# #..#.#####
.......§..# #..#.....
.......§§g+ .........
..........###.##...####.
.....(...gg§§(..........
+#+######.###§###...####.
#. #.#.@............
#.######....####.#.####
#.#..........# #g#..#
##+#.#...)......# #....#
#........†......#####..##
#....#..............)...#
#.........#.##..#######.#
##+#..#...#.##........#..#
#.#..#..##.###.#####.##.#


There were no monsters in sight!

Vanquished Creatures
  3 gnolls (D:3)
  5 adders
  3 worms
  A dart slug (D:1)
  A giant gecko (D:2)
  A giant cockroach (D:2)
  3 goblins
  2 hobgoblins
  2 jackals (D:1)
  4 kobolds
  A quokka (D:2)
  2 ball pythons
  5 bats
  2 giant newts
  6 rats
41 creatures vanquished.

Notes
Turn   | Place    | Note
--------------------------------------------------------------
     0 | D:1      | Danakh the Demonspawn Chaos Knight began the quest for the Orb.
     0 | D:1      | Reached XP level 1. HP: 18/18 MP: 1/1
    40 | D:1      | XOM: divination: detect items
    84 | D:1      | Gained mutation: You sometimes gain a little power by taking damage. [demonic ancestry]
    84 | D:1      | Reached XP level 2. HP: 22/24 MP: 2/2
   630 | D:2      | Reached XP level 3. HP: 29/29 MP: 3/3
  1374 | D:3      | Gained mutation: Your flesh is cold resistant. [demonic ancestry]
  1374 | D:3      | Reached XP level 4. HP: 36/36 MP: 4/4
  1390 | D:3      | Reached skill level 1 in Shields
  1417 | D:3      | XOM: god gift: 18 stones
  1461 | D:3      | XOM: potion effect (haste)
  1465 | D:3      | Xom revived you
  1598 | D:3      | XOM: mild Chrm miscast
  1620 | D:3      | XOM: colour smoke trail
  1653 | D:3      | HP: 1/37 [gnoll/club (7)]
  1657 | D:3      | Succumbed to an adder's poison

Skill      XL: |  1  2  3  4 |
---------------+-------------+-----
Armour         | 2 |  2.9
Axes           | 3 |  3.4
Shields        | 1 |  1.3
Fighting       | |  3.8
Dodging        | |  0.8

Action                   |  1- 3 |  4- 6 || total
-------------------------+-------+-------++-------
Melee: Hand axe          |    99 |    23 ||   122
 Stab: Sleeping          |     1 |       ||     1
  Eat: Chunk             |     1 |     2 ||     3
Armor: Leather armour    |    28 |     4 ||    32
Dodge: Dodged            |    62 |    15 ||    77
